[ PARTIDA AOE2 · #495324331 ]
UnrankedBirmanos vs Mapuche
Equipo del jugador · VICT
Equipo rival · DERR
[ ANÁLISIS DE REPETICIÓN · EXTRAÍDO DE LA PARTIDA GRABADA ]
Feudal
8:53
Castillos
—
Imperial
—
| APM promedio | 57.1 |
| APM pico | 92 |
| eAPM promedio | 20.8 |
| Aldeanos / militares | 36 / 8 |
Foco
⚔️ 32.7% · 🌾 67.3%
Militia ×5 · Archer ×3
Feudal
10:55
Castillos
—
Imperial
—
| APM promedio | 60.9 |
| APM pico | 104 |
| eAPM promedio | 18.0 |
| Aldeanos / militares | 30 / 11 |
Foco
⚔️ 28.0% · 🌾 72.0%
Skirmisher ×11
Mapa de la partida
Recursos iniciales + cada clic de construcción. Líneas = muros · curvas = relieve. ◆ oro · ⬟ piedra · ● bayas · ✦ reliquia · ◌ hueco del cierre
Tu base· Abierta — hueco de 11t
Base de XalYWero· Abierta — hueco de 4t
Terreno inicial suavizado · ◌ = hueco del cierre detectado · pasá el cursor para detalles
Inputs por minuto
— Pandora_heart - - XalYWero
Build order — Pandora_heart
67 acciones detectadas en el replay
| 0:01 | Crear | Villager (Male) ×4 |
| 0:03 | Construir | House |
| 0:04 | Construir | House |
| 1:15 | Crear | Villager (Male) |
| 1:51 | Crear | Villager (Male) |
| 1:51 | Crear | Villager (Male) |
| 2:18 | Construir | Lumber Camp |
| 2:33 | Crear | Villager (Male) |
| 2:33 | Crear | Villager (Male) |
| 2:52 | Crear | Villager (Male) |
| 2:52 | Crear | Villager (Male) |
| 3:43 | Crear | Villager (Male) |
| 3:43 | Crear | Villager (Male) |
| 3:45 | Crear | Villager (Male) |
| 3:45 | Crear | Villager (Male) |
| 3:46 | Crear | Villager (Male) |
| 3:54 | Construir | House |
| 4:03 | Crear | Villager (Male) |
| 4:04 | Crear | Villager (Male) |
| 4:21 | Crear | Villager (Male) |
| 4:21 | Crear | Villager (Male) |
| 4:22 | Crear | Villager (Male) |
| 5:02 | Crear | Villager (Male) |
| 5:07 | Construir | Barracks |
| 5:37 | Crear | Villager (Male) |
| 6:00 | Construir | House |
| 6:05 | Investigar | Loom |
| 6:41 | Investigar | Feudal Age |
| 6:41 | Investigar | Feudal Age |
| 6:42 | Investigar | Feudal Age |
| 6:51 | Construir | Mining Camp |
| 6:56 | Crear | Militia |
| 6:56 | Crear | Militia |
| 6:57 | Crear | Militia |
| 6:57 | Crear | Militia |
| 8:04 | Crear | Militia |
| 8:15 | Construir | Mill |
| 8:27 | Construir | House |
| 8:44 | Crear | Villager (Male) |
| 8:53 | Edad | Edad Feudal |
| 8:57 | Investigar | Man-at-Arms (upgrade) |
| 9:00 | Crear | Villager (Male) |
| 9:48 | Crear | Villager (Male) |
| 9:48 | Crear | Villager (Male) |
| 10:07 | Crear | Villager (Male) |
| 10:19 | Construir | House |
| 10:34 | Crear | Villager (Male) |
| 10:39 | Construir | House |
| 10:55 | Crear | Villager (Male) |
| 11:20 | Crear | Villager (Male) |
| 11:26 | Construir | Blacksmith |
| 11:40 | Construir | Archery Range |
| 11:47 | Investigar | Horse Collar |
| 11:50 | Construir | Farm |
| 11:57 | Construir | Farm |
| 12:04 | Construir | House |
| 12:12 | Crear | Villager (Male) |
| 12:39 | Construir | Watch Tower |
| 12:46 | Crear | Villager (Male) |
| 12:46 | Crear | Villager (Male) |
| 12:52 | Crear | Archer |
| 12:52 | Crear | Archer |
| 13:16 | Crear | Villager (Male) |
| 13:18 | Construir | Farm |
| 13:30 | Crear | Villager (Male) |
| 13:34 | Construir | Farm |
| 13:35 | Crear | Archer |
Build order — XalYWero
69 acciones detectadas en el replay
| 0:00 | Crear | Villager (Male) |
| 0:00 | Crear | Villager (Male) |
| 0:01 | Crear | Villager (Male) |
| 0:02 | Construir | House |
| 0:04 | Construir | House |
| 0:06 | Crear | Villager (Male) |
| 1:32 | Crear | Villager (Male) |
| 1:32 | Crear | Villager (Male) |
| 1:48 | Construir | Settlement |
| 1:50 | Crear | Villager (Male) |
| 2:20 | Crear | Villager (Male) |
| 2:20 | Crear | Villager (Male) |
| 2:48 | Crear | Villager (Male) |
| 3:06 | Crear | Villager (Male) |
| 3:39 | Crear | Villager (Male) |
| 3:39 | Crear | Villager (Male) |
| 3:40 | Crear | Villager (Male) |
| 4:28 | Crear | Villager (Male) |
| 4:28 | Crear | Villager (Male) |
| 4:57 | Crear | Villager (Male) |
| 5:16 | Crear | Villager (Male) |
| 5:22 | Crear | Villager (Male) |
| 5:34 | Construir | Settlement |
| 5:42 | Crear | Villager (Male) |
| 6:28 | Crear | Villager (Male) |
| 6:28 | Crear | Villager (Male) |
| 6:46 | Crear | Villager (Male) |
| 6:46 | Crear | Villager (Male) |
| 6:53 | Investigar | Loom |
| 6:57 | Crear | Villager (Male) |
| 6:57 | Crear | Villager (Male) |
| 6:58 | Crear | Villager (Male) |
| 7:25 | Construir | Settlement |
| 8:00 | Investigar | Feudal Age |
| 8:56 | Construir | Palisade Wall |
| 8:58 | Construir | Palisade Wall |
| 9:10 | Construir | Palisade Wall |
| 9:11 | Construir | Palisade Wall |
| 9:12 | Construir | Palisade Wall |
| 9:14 | Construir | Palisade Wall |
| 9:16 | Construir | Palisade Wall |
| 9:17 | Construir | Palisade Wall |
| 9:21 | Construir | Palisade Wall |
| 9:23 | Construir | Palisade Wall |
| 9:32 | Crear | Villager (Male) |
| 9:35 | Construir | Palisade Wall |
| 9:36 | Construir | Palisade Wall |
| 9:37 | Construir | Palisade Wall |
| 9:45 | Crear | Villager (Male) |
| 9:48 | Crear | Villager (Male) |
| 10:55 | Edad | Edad Feudal |
| 10:56 | Construir | Market |
| 11:02 | Construir | Blacksmith |
| 11:47 | Investigar | Castle Age |
| 11:54 | Crear | Skirmisher |
| 11:54 | Crear | Skirmisher |
| 11:55 | Crear | Skirmisher |
| 11:59 | Construir | Palisade Wall |
| 12:42 | Construir | Farm |
| 12:43 | Construir | Farm |
| 12:45 | Construir | Farm |
| 12:46 | Crear | Skirmisher |
| 12:52 | Crear | Skirmisher |
| 13:12 | Crear | Skirmisher |
| 13:30 | Crear | Skirmisher |
| 13:34 | Crear | Skirmisher |
| 13:40 | Crear | Skirmisher |
| 13:40 | Crear | Skirmisher |
| 13:45 | Crear | Skirmisher |
Cronología de la partida
| 5:07 | Pandora_heart · first_building Barracks |
| 8:53 | Pandora_heart · age_up feudal |
| 8:56 | XalYWero · wall_segment Palisade Wall x1 |
| 8:58 | XalYWero · wall_segment Palisade Wall x1 |
| 9:10 | XalYWero · wall_segment Palisade Wall x1 |
| 9:11 | XalYWero · wall_segment Palisade Wall x1 |
| 9:12 | XalYWero · wall_segment Palisade Wall x1 |
| 9:14 | XalYWero · wall_segment Palisade Wall x1 |
| 9:16 | XalYWero · wall_segment Palisade Wall x1 |
| 9:17 | XalYWero · wall_segment Palisade Wall x1 |
| 9:21 | XalYWero · wall_segment Palisade Wall x1 |
| 9:23 | XalYWero · wall_segment Palisade Wall x1 |
| 9:35 | XalYWero · wall_segment Palisade Wall x1 |
| 9:36 | XalYWero · wall_segment Palisade Wall x1 |
| 9:37 | XalYWero · wall_segment Palisade Wall x1 |
| 10:55 | XalYWero · age_up feudal |
| 11:40 | Pandora_heart · first_building Archery Range |
| 11:46 | XalYWero · first_market_sell 100 food |
| 11:59 | XalYWero · wall_segment Palisade Wall x1 |
| 13:56 | XalYWero · resign |
[ ANÁLISIS IA · 1 CRÉDITO ]
¿Qué pasó realmente en esta partida?
Wolo.gg analiza cada decisión: build order, eco, micro, errores típicos por bracket. Análisis personalizado por WhatsApp o Discord en 30 segundos.
Guía civ
Birmanos
Perfil
Pandora_heart